 Dungeon Crawl Stone Soup version 0.28-a0-1347-g113dc556a4 (webtiles) character file.

Game seed: 14487210269484276983

115156 rogsnak the Eclecticist (level 16, -4/109 HPs)
             Began as a Demonspawn Air Elementalist on Dec 29, 2021.
             Was the Champion of Sif Muna.
             Slain by a ghost moth (6 damage)
             ... on level 3 of the Spider Nest on Dec 30, 2021.
             The game lasted 02:23:46 (35718 turns).

rogsnak the Eclecticist (DsAE)                     Turns: 35718, Time: 02:23:47

Health: -4/109     AC: 21    Str:  5 (8)  XL:     16   Next: 18%
Magic:  0/44       EV: 10    Int: 24 (25) God:    Sif Muna [******]
Gold:   1778       SH:  0    Dex: 16      Spells: 12/46 levels left

rFire   . . .      SeeInvis +   v - +5 scythe "Finisher" {speed, eviscerate}
rCold   . . .      Faith    +   (shield currently unavailable)
rNeg    . . .      Spirit   +   P - +5 ring mail of the Ant {rCorr Int+2 SInv}
rPois   +          Reflect  .   (helmet restricted)
rElec   .          Harm     .   J - +1 cloak {rPois}
rCorr   +          Rampage  .   e - +0 pair of gloves {infuse}
Will    +....                   A - +0 pair of boots
Stlth   +.........              x - amulet of faith
HPRegen 0.28/turn               X - ring of flight
MPRegen 0.58/turn               R - ring of magical power

@: marked, sanguine armoured, flying
A: antennae 2, magic shield, magic regeneration, sanguine armour 1, demonic
magic 2
a: Renounce Religion, Channel Magic, Forget Spell, Divine Exegesis


You were on level 3 of the Spider Nest.
You worshipped Sif Muna.
Sif Muna was exalted by your worship.
You visited 4 branches of the dungeon, and saw 25 of its levels.
You also visited: Sewer, Bailey and Volcano.

You collected 2771 gold pieces.
You spent 993 gold pieces at shops.

Inventory:

Hand Weapons
 v - the +5 scythe "Finisher" (weapon) {speed, eviscerate}
   (You found it on level 4 of the Lair of Beasts)

   Attacks with this weapon are significantly faster.
   It may eviscerate those it strikes, slaying them instantly, with a decreasing
   chance against stronger foes.
 I - a +3 short sword of electrocution
 Y - the +5 spear of the Four Brambles {elec, rElec rN+++ Int-5 Dex+3}
   (You found it on level 10 of the Dungeon)

   It occasionally discharges a powerful burst of electricity upon striking a
   foe.
   Int:       It affects your intelligence (-5).
   Dex:       It affects your dexterity (+3).
   rElec:     It insulates you from electricity.
   rN:        It renders you almost immune to negative energy.
 Z - the +5 great sword of Daproi {freeze, *Corrode +Blink Str+2 Int+4}
   (You bought it in a shop on level 2 of the Orcish Mines)

   It freezes those it strikes, dealing additional cold damage.
   It can also slow down cold-blooded creatures.
   Str:       It affects your strength (+2).
   Int:       It affects your intelligence (+4).
   +Blink:    It lets you blink.
   *Corrode:  It may corrode you when you take damage.
Missiles
 a - 2 boomerangs of dispersal
 Q - 2 curare-tipped darts
 W - 3 atropa-tipped darts
Armour
 e - a +0 pair of gloves of infusion (worn)
 u - an orb of energy
 A - a +0 pair of boots (worn)
 J - a +1 cloak of poison resistance (worn)
 K - a +0 troll leather armour
 P - the +5 ring mail of the Ant (worn) {rCorr Int+2 SInv}
   (You found it on level 4 of the Lair of Beasts)

   Int:       It affects your intelligence (+2).
   SInv:      It lets you see invisible.
   rCorr:     It protects you from acid and corrosion.
 S - a scarf of invisibility
 V - a +2 leather armour of fire resistance
Magical Staves
 H - a staff of fire
Jewellery
 d - an amulet of magic regeneration
 x - an amulet of faith (around neck)
 B - a ring of ice
 R - a ring of magical power (right hand)
 X - a ring of flight (left hand)
Wands
 c - a wand of acid (7)
 i - a wand of paralysis (6)
 D - a wand of flame (88)
 F - a wand of digging (3)
 G - a wand of polymorph (7)
 M - a wand of iceblast (15)
 O - a wand of charming (5)
Scrolls
 b - 8 scrolls of magic mapping
 h - 6 scrolls of amnesia
 l - 7 scrolls of teleportation
 o - 3 scrolls of identify
 q - a scroll of blinking
 s - 2 scrolls of immolation
 w - a scroll of summoning
 y - 6 scrolls of enchant weapon
 C - 5 scrolls of enchant armour
 L - a scroll of brand weapon
 U - 2 scrolls of fog
Potions
 f - a potion of magic
 g - a potion of resistance
 j - a potion of flight
 k - 9 potions of heal wounds
 m - 4 potions of berserk rage
 n - 5 potions of brilliance
 p - a potion of invisibility
 r - 10 potions of curing
 t - 7 potions of might
 z - 2 potions of cancellation
 E - 4 potions of mutation
 N - 7 potions of haste
 T - a potion of ambrosia


   Skills:
 + Level 5.0 Fighting
 + Level 3.7 Armour
 + Level 4.5 Dodging
 - Level 2.0 Stealth
 + Level 15.9 Spellcasting
 * Level 15.7 Conjurations
 + Level 3.5 Fire Magic
 + Level 13.9 Air Magic
 + Level 4.4 Earth Magic
 - Level 4.0 Evocations


You had 12 spell levels left.
You knew the following spells:

 Your Spells              Type           Power      Damage    Failure   Level
a - Shock                 Conj/Air       100%       1d9       1%          1
b - Swiftness             Air            72%        N/A       1%          3
c - Airstrike             Air            36%        N/A       1%          4
d - Stone Arrow           Conj/Erth      100%       3d13      1%          3
e - Mephitic Cloud        Conj/Pois/Air  61%        N/A       1%          3
f - Sticky Flame          Conj/Fire      60%        2d8       2%          4
g - Lightning Bolt        Conj/Air       37%        1d55      1%          5
h - Iskenderun's Battles  Conj           76%        2d12      1%          5
i - Iron Shot             Conj/Erth      30%        9d6       28%         6

Your spell library contained the following spells:

 Spells                   Type           Power      Damage    Failure   Level
 Foxfire                  Conj/Fire      100%       2x1d9     1%          1
 Magic Dart               Conj           100%       1d8       1%          1
 Sandblast                Erth           80%        2d17      1%          1
 Corpse Rot               Necr/Air       100%       N/A       1%          2
 Poisonous Vapours        Pois/Air       100%       N/A       1%          2
 Static Discharge         Conj/Air       74%        N/A       1%          2
 Conjure Flame            Conj/Fire      60%        6-21      1%          3
 Dazzling Flash           Conj/Hex       100%       N/A       1%          3
 Flame Wave               Conj/Fire      60%        2d10      2%          4
 Hailstorm                Conj/Ice       54%        3d12      4%          4
 Iskenderun's Mystic Bla  Conj/Tloc      54%        2d12      4%          4
 Conjure Ball Lightning   Conj/Air       37%        3x3d12    4%          6
 Fireball                 Conj/Fire      30%        3d13      6%          5
 Freezing Cloud           Conj/Ice/Air   30%        6-21      6%          5
 Summon Lightning Spire   Summ/Air       51%        N/A       7%          4
 Sting                    Tmut/Pois      76%        1d6       12%         1
 Irradiate                Conj/Tmut      27%        3d22      13%         5
 Call Imp                 Summ           19%        N/A       19%         2
 Ensorcelled Hibernation  Hex/Ice        38%        N/A       19%         2
 Silence                  Hex/Air        25%        N/A       19%         5
 Ignite Poison            Fire/Tmut/Pois 24%        N/A       22%         3
 Starburst                Conj/Fire      30%        6d9       34%         6
 Ozocubu's Armour         Ice            19%        N/A       36%         3
 Summon Guardian Golem    Hex/Summ       19%        N/A       36%         3
 Tukima's Dance           Hex            19%        N/A       36%         3
 Vampiric Draining        Necr           19%        2d7       36%         3
 Animate Armour           Summ/Erth      58%        N/A       43%         4
 Lee's Rapid Deconstruct  Erth           20%        3d13*     50%         5
 Animate Dead             Necr           9%         N/A       77%         4
 Olgreb's Toxic Radiance  Pois           19%        N/A       77%         4
 Passage of Golubria      Tloc           19%        N/A       77%         4
 Borgnjor's Vile Clutch   Necr/Erth      14%        N/A       80%         5
 Maxwell's Capacitive Co  Air            36%        ∞         95%         8
 Excruciating Wounds      Necr           9%         N/A       98%         5
 Manifold Assault         Tloc           19%        N/A       98%         5
 Metabolic Englaciation   Hex/Ice        9%         N/A       98%         5
 Summon Forest            Summ/Tloc      9%         N/A       98%         5
 Summon Mana Viper        Hex/Summ       19%        N/A       98%         5
 Yara's Violent Unravell  Hex/Tmut       9%         3d6       98%         5
 Spellforged Servitor     Conj/Summ      27%        N/A       99%         7
 Storm Form               Tmut/Air       25%        N/A       99%         7
 Death Channel            Necr           9%         N/A       100%        6
 Dispersal                Tloc           9%         N/A       100%        6
 Simulacrum               Ice/Necr       9%         N/A       100%        6
 Summon Cactus Giant      Summ           9%         N/A       100%        6
 Malign Gateway           Summ/Tloc      9%         N/A       100%        7
 Ozocubu's Refrigeration  Ice            9%         4d6       100%        7
 Borgnjor's Revivificati  Necr           9%         N/A       100%        8
 Infestation              Necr           9%         N/A       100%        8
 Lehudib's Crystal Spear  Conj/Erth      30%        10d8      100%        8
 Summon Horrible Things   Summ           9%         N/A       100%        8
 Chain Lightning          Conj/Air       37%        3d49      100%        9
 Fire Storm               Conj/Fire      30%        8d8       100%        9


Dungeon Overview and Level Annotations

Branches:
Dungeon (13/15)            Temple (0/1) D:5            Lair (6/6) D:8
 Shoals (0/4) Lair:3       Spider (4/4) Lair:4        Slime (0/5) Lair:5
    Orc (2/2) D:11            Elf (0/3) Orc:2         Sewer (visited)
 Bailey (visited)         Volcano (visited)
 Vaults: D:13-14

Altars:
Ashenzari
Cheibriados
Dithmenos
Gozag
Hepliaklqana
Kikubaaqudgha
Nemelex Xobeh
Okawaru
Qazlal
Sif Muna
Trog
Uskayaw
Wu Jian
Yredelemnul
Zin
The Shining One
Beogh

Shops:
D:6 *   Orc:1 *   Orc:2 *([!

Annotations:
D:8 Wall Cache
D:9 1 runed translucent door, dr0g0th's ghost, journeyman GrFi


Innate Abilities, Weirdness & Mutations

You have a pair of antennae on your head.
When hurt, damage is shared between your health and your magic reserves.
You regenerate magic rapidly.
When seriously injured, your blood forms armour. (AC +6)
Spells you cast may paralyse nearby enemies.


Message History

Aiming: Iceblast
Press: ? - help, Shift-Dir - straight line The mass of ice explodes!
The iceblast engulfs the ghost moth.
The ghost moth partially resists.
The ghost moth is severely wounded.
The ghost moth stares at you.
You feel your power leaking away.
The ghost moth hits you but does no damage. x2
The ghost moth stings you but does no damage.
Your magical contamination has completely faded away.
Unknown command.
Unknown command.
Aiming: Iceblast
Press: ? - help, Shift-Dir - straight line The mass of ice explodes!
The iceblast engulfs the ghost moth!
The ghost moth partially resists.
The ghost moth is severely wounded.
The ghost moth stares at you.
You feel your power leaking away. The ghost moth hits you.
* * * LOW HITPOINT WARNING * * *
The ghost moth hits you.
* * * LOW HITPOINT WARNING * * *
You feel dopey. The ghost moth closely misses you.
Aiming: Iceblast
Press: ? - help, Shift-Dir - straight line The mass of ice explodes!
The iceblast engulfs the ghost moth but does no damage.
The ghost moth is severely wounded.
The ghost moth stares at you. The ghost moth barely misses you.
The ghost moth hits you but does no damage.
The ghost moth closely misses you. The ghost moth hits you!
* * * LOW HITPOINT WARNING * * *
You feel weakened. The ghost moth hits you!
* * * LOW HITPOINT WARNING * * *
The ghost moth stings you.
You die...

.......###...##....####......#...
.......#..##..###.###.......#####
.........####.# #^##........## #
......#.## #.####.........^.# ##
......#.## ##..##...........###.
.....###.# #...#...........##..
.....# #.# #....#..............
....##########..y............###.
#.####.......##.@.#...........##.
#.####...##.####..#...........###
.....#....#.# ##.#.##........###
..........#### ###.###......###.
....#.#...##.# #.# #########..
......#....#.## ##.## #####....
.^...###...##.####.>.# ##..#.....
......##...##.##.[..####.#####...
..^...###.###.........[...## #...


You could see a ghost moth (invisible).

Vanquished Creatures
  Saint Roka (Orc:2)
  3 emperor scorpions (Spider:3)
  A ghost moth (Spider:4)
  2 broodmothers (Spider:3)
  2 entropy weavers
  Josephine (Orc:1)
  Harold (D:7)
  An ogre mage (Volcano)
  5 hydras
  3 boulder beetles
  2 jorogumos
  A centaur warrior (D:13)
  A catoblepas (D:13)
  8 two-headed ogres
  3 radroaches
  Urug (Orc:1)
  A hell knight (Volcano)
  2 pharaoh ants
  A sun moth (Spider:4)
  7 orb spiders
  A steelbarb worm (Spider:3)
  An obsidian statue (Lair:4)
  14 wolf spiders
  4 orc sorcerers
  A deep elf pyromancer (D:13)
  2 orc knights
  4 moths of wrath
  18 elephants
  2 manticores
  6 black mambas
  A cyclops (D:11)
  A gargoyle (D:11)
  4 torpor snails
  7 cane toads
  8 komodo dragons
  2 kobold demonologists
  An unseen horror (D:11)
  A yaktaur (D:11)
  7 rime drakes
  6 demonic crawlers
  Psyche (D:8)
  10 meliai
  6 trolls
  20 tarantellas
  6 polar bears
  A tarantella (shapeshifter) (D:13)
  7 hornets
  9 blink frogs
  A dream sheep (Lair:6)
  18 jumping spiders
  Sigmund (D:5)
  7 wraiths
  9 culicivoras
  A shadow (D:11)
  14 spriggans (Lair:6)
  10 wyverns
  32 yaks
  A vampire (D:11)
  6 basilisks
  10 fire bats
  2 vampire mosquitoes (D:13)
  2 steam dragons (D:9)
  A fire elemental (Lair:2)
  41 redbacks
  Menkaure (D:4)
  2 wargs (Orc:2)
  An acid dragon (D:10)
  11 water moccasins
  A hornet zombie (D:6)
  32 orc warriors
  2 sky beasts
  A meliai simulacrum (D:10)
  3 black bears
  2 ice beasts
  3 necrophages (D:6)
  3 ogres
  28 wolves
  3 boggarts (Lair:6)
  12 centaurs
  7 kobold brigands
  8 bullfrogs
  10 gnoll sergeants
  4 scorpions
  A wyvern zombie (D:6)
  12 killer bees
  4 electric eels
  7 wights
  8 howler monkeys
  A jelly (D:5)
  8 lava snakes
  A human zombie (D:6)
  5 centaur zombies
  4 centaur skeletons
  5 hounds
  23 orc priests
  Crazy Yiuf (D:7)
  A bullfrog skeleton (D:6)
  8 gnoll shamans
  An iguana (D:7)
  28 orc wizards
  7 hell rats
  A mummy (D:6)
  5 howler monkey zombies
  30 gnolls
  9 adders
  A shadow imp (D:7)
  2 ufetubi
  2 worms (D:3)
  3 dart slugs
  77 orcs
  11 ball pythons
  10 endoplasms
  6 giant cockroaches
  4 goblins
  15 hobgoblins
  A jackal (Sewer)
  14 kobolds
  A quokka (D:1)
  7 frilled lizards
  6 rats
818 creatures vanquished.

Vanquished Creatures (collateral kills)
  Mlioglotl (Spider:2)
  A pharaoh ant (Spider:2)
  2 wolf spiders
  2 blink frogs (Lair:2)
  A jumping spider (Spider:3)
  A redback (Spider:3)
  A killer bee (D:10)
9 creatures vanquished.

Vanquished Creatures (others)
  An electric eel (Spider:2)
  44 fungi
  120 plants
165 creatures vanquished.

Grand Total: 992 creatures vanquished

Notes
Turn   | Place    | Note
-------+----------+-------------------------------------------
     0 | D:1      | rogsnak the Demonspawn Air Elementalist began the quest for
                  | the Orb.
     0 | D:1      | Reached XP level 1. HP: 13/13 MP: 3/3
    27 | D:1      | You fall into a shaft and drop 1 floor!
   440 | D:1      | Gained mutation: You have a pair of small antennae on your
                  | head. [demonic ancestry]
   440 | D:1      | Reached XP level 2. HP: 12/19 MP: 3/5
  1143 | D:2      | Reached XP level 3. HP: 24/24 MP: 3/6
  1537 | D:2      | Found a hazy altar of Hepliaklqana.
  1780 | D:3      | Reached XP level 4. HP: 29/30 MP: 4/7
  1987 | D:3      | Found a shadowy altar of Dithmenos.
  2489 | D:3      | Gained mutation: Spells you cast may paralyse adjacent
                  | enemies. [demonic ancestry]
  2489 | D:3      | Reached XP level 5. HP: 13/35 MP: 5/9
  2917 | D:3      | Found a basalt altar of Yredelemnul.
  3108 | D:4      | Found a glowing drain.
  3179 | Sewer    | Entered a sewer
  3228 | Sewer    | Noticed a water moccasin
  3236 | Sewer    | Killed a water moccasin
  3237 | Sewer    | Reached XP level 6. HP: 23/41 MP: 6/11
  3505 | D:4      | Noticed Menkaure
  3613 | D:4      | Learned a level 3 spell: Swiftness
  3618 | D:4      | Learned a level 4 spell: Airstrike
  3623 | D:4      | Learned a level 3 spell: Stone Arrow
  4495 | D:4      | Killed Menkaure
  4496 | D:4      | Reached skill level 1 in Earth Magic
  4496 | D:4      | Reached XP level 7. HP: 47/47 MP: 8/13
  4749 | D:5      | Entered Level 5 of the Dungeon
  4749 | D:5      | Noticed Sigmund
  4749 | D:5      | Found a shimmering blue altar of Sif Muna.
  4752 | D:5      | Killed Sigmund
  4780 | D:5      | Became a worshipper of Sif Muna the Loreminder
  4947 | D:5      | Reached skill level 5 in Conjurations
  5125 | D:5      | Found a staircase to the Ecumenical Temple.
  5800 | D:5      | Found a stormy altar of Qazlal.
  5852 | D:5      | Reached skill level 5 in Air Magic
  5852 | D:5      | Gained mutation: You regenerate magic rapidly. [demonic
                  | ancestry]
  5852 | D:5      | Reached XP level 8. HP: 53/53 MP: 10/15
  5922 | D:5      | Found an ornate altar of the Wu Jian Council.
  6174 | D:6      | Reached * piety under Sif Muna
  6175 | D:6      | Reached skill level 5 in Spellcasting
  6311 | D:6      | Found Zin's Purification Station.
  6722 | D:6      | Found an ancient bone altar of Kikubaaqudgha.
  6920 | D:6      | Reached skill level 1 in Fighting
  6920 | D:6      | Reached XP level 9. HP: 59/59 MP: 4/17
  7972 | D:7      | Reached ** piety under Sif Muna
  8131 | D:7      | Noticed Harold
  8194 | D:7      | Found an iron altar of Okawaru.
  8566 | D:7      | Identified the +0 pair of gloves "Taeptek" {Rampage}
  8620 | D:7      | Killed Harold
  8621 | D:7      | Gained mutation: You have a pair of antennae on your head.
                  | [demonic ancestry]
  8621 | D:7      | Reached XP level 10. HP: 14/67 MP: 3/21
  8874 | D:7      | Got the Almanac of Spatial Ice
  8932 | D:7      | Found a runed translucent door.
  8933 | D:7      | Noticed Crazy Yiuf
  8938 | D:7      | Killed Crazy Yiuf
  9541 | D:8      | Found a staircase to the Lair.
  9638 | D:8      | Noticed a two-headed ogre
  9643 | D:8      | Killed a two-headed ogre
  9733 | D:8      | Learned a level 3 spell: Mephitic Cloud
  9818 | D:8      | Noticed Psyche
  9828 | D:8      | Killed Psyche
  9939 | D:8      | Noticed a manticore
 10183 | D:9      | Found a bloodstained altar of Trog.
 10522 | D:9      | Reached *** piety under Sif Muna
 10717 | D:9      | Found a runed translucent door.
 10717 | D:9      | Noticed dr0g0th's ghost (journeyman GrFi)
 11489 | D:9      | Found a broken altar of Ashenzari.
 11689 | D:10     | Entered Level 10 of the Dungeon
 11892 | D:10     | Found a sparkling altar of Nemelex Xobeh.
 11898 | D:10     | Found a hide-covered altar of Uskayaw.
 11901 | D:10     | Noticed a +0 dagger
 11901 | D:10     | Noticed a +0 dagger
 11928 | D:10     | Found an opulent altar of Gozag.
 11949 | D:10     | Found a flagged portal.
 12018 | Bailey   | Entered a bailey
 12089 | Bailey   | Reached **** piety under Sif Muna
 12090 | Bailey   | Reached XP level 11. HP: 19/72 MP: 21/24
 12424 | Bailey   | Identified the +4 scimitar "Unwer" {holy, rF+ rN+ rCorr}
 13335 | D:10     | Found an iron altar of Okawaru.
 13358 | D:10     | Reached skill level 10 in Spellcasting
 13584 | D:10     | Reached ***** piety under Sif Muna
 13590 | D:10     | Reached skill level 10 in Conjurations
 13656 | D:10     | Identified the +5 spear of the Four Brambles {elec, rElec
                  | rN+++ Int-5 Dex+3}
 13939 | D:11     | Found a staircase to the Orcish Mines.
 14483 | D:11     | Received a gift from Sif Muna
 14484 | D:11     | Got Ethaer's Collected Works on the Damaging Birds {god
                  | gift}
 14490 | D:11     | Learned a level 4 spell: Sticky Flame
 14496 | D:11     | Learned a level 5 spell: Lightning Bolt
 14601 | D:11     | Noticed a two-headed ogre
 14612 | D:11     | Killed a two-headed ogre
 15117 | D:11     | Noticed a two-headed ogre
 15123 | D:11     | Killed a two-headed ogre
 15422 | D:11     | Noticed a boulder beetle
 15441 | D:11     | Killed a boulder beetle
 15743 | D:11     | Reached skill level 10 in Air Magic
 15743 | D:11     | Gained mutation: Spells you cast may paralyse nearby
                  | enemies. [demonic ancestry]
 15743 | D:11     | Reached XP level 12. HP: 39/78 MP: 18/27
 16992 | D:12     | Reached skill level 1 in Evocations
 17117 | D:13     | Noticed a boulder beetle
 17126 | D:13     | Killed a boulder beetle
 17394 | D:13     | Noticed a centaur warrior
 17401 | D:13     | Killed a centaur warrior
 17548 | D:13     | Noticed a catoblepas
 17569 | D:13     | Killed a catoblepas
 17672 | D:13     | Noticed a two-headed ogre
 18390 | Orc:1    | Entered Level 1 of the Orcish Mines
 18944 | Orc:1    | Noticed Josephine
 18979 | Orc:1    | Killed Josephine
 19062 | Orc:1    | Found Vuprotol's CLEARANCE SALE!.
 19066 | Orc:1    | Bought a scroll of teleportation for 12 gold pieces
 19066 | Orc:1    | Bought a scroll of teleportation for 12 gold pieces
 19222 | Orc:1    | Noticed Urug
 19229 | Orc:1    | Killed Urug
 19445 | Orc:1    | Received a gift from Sif Muna
 19446 | Orc:1    | Got Sif Muna's Disquisition on Sinister Malediction {god
                  | gift}
 19546 | Orc:2    | Entered Level 2 of the Orcish Mines
 20468 | Orc:2    | Found Uruuxoal's Assorted Antiques.
 20662 | Orc:2    | Gained mutation: When seriously injured, your blood forms
                  | armour. (AC +6) [demonic ancestry]
 20662 | Orc:2    | Reached XP level 13. HP: 84/84 MP: 17/29
 21145 | Orc:2    | Found a staircase to the Elven Halls.
 21493 | Orc:2    | Found Izukh's Distillery.
 21498 | Orc:2    | Bought a potion of haste for 160 gold pieces
 21498 | Orc:2    | Bought a potion of heal wounds for 80 gold pieces
 21679 | Orc:2    | Received a gift from Sif Muna
 21681 | Orc:2    | Got Sif Muna's Catalogue of Damaging Companions {god gift}
 21955 | Orc:2    | Noticed Saint Roka
 22090 | Orc:2    | Killed Saint Roka
 22159 | Orc:2    | Found Rocw's Antique Weapon Boutique.
 22176 | Orc:2    | Found Qiteh's Antique Armour Shop.
 22196 | Orc:2    | Bought a pitted great sword for 425 gold pieces
 22196 | Orc:2    | Identified the +5 great sword of Daproi {freeze, *Corrode
                  | +Blink Str+2 Int+4} (You bought it in a shop on level 2 of
                  | the Orcish Mines)
 22204 | Orc:2    | Bought a polished cloak for 304 gold pieces
 22204 | Orc:2    | Identified the -2 cloak of Pride {rElec MP+9 Dex+3} (You
                  | bought it in a shop on level 2 of the Orcish Mines)
 22321 | Lair:1   | Entered Level 1 of the Lair of Beasts
 22490 | Lair:1   | Reached skill level 1 in Fire Magic
 22736 | Lair:1   | Reached skill level 1 in Armour
 23530 | Lair:2   | Received a gift from Sif Muna
 24483 | Lair:3   | Found a staircase to the Shoals.
 25200 | Lair:4   | Found a dark tunnel.
 25409 | Volcano  | Entered a volcano
 25617 | Volcano  | Received a gift from Sif Muna
 25618 | Volcano  | Got Isihoat's Tome of Lethal Changing {god gift}
 25657 | Volcano  | Learned a level 5 spell: Iskenderun's Battlesphere
 25733 | Volcano  | Reached XP level 14. HP: 91/91 MP: 26/31
 25774 | Volcano  | Found a burning altar of Makhleb.
 25800 | Volcano  | Found a bloodstained altar of Trog.
 25990 | Lair:4   | Found a hole to the Spider Nest.
 26780 | Lair:4   | Found the +5 scythe "Finisher" {speed, eviscerate}
 26834 | Lair:4   | Identified the +3 plate armour "Eceonien" {rC+ Regen+}
 26849 | Lair:4   | Identified the +5 ring mail of the Ant {rCorr Int+2 SInv}
 27662 | Lair:5   | Found a staircase to the Slime Pits.
 28137 | Lair:6   | Entered Level 6 of the Lair of Beasts
 28196 | Lair:6   | Identified the +8 spear "Robief" {freeze, Dex+8}
 28514 | Lair:5   | Received a gift from Sif Muna
 28517 | Lair:5   | Got Sif Muna's Papyrus of Weightlessness {god gift}
 29008 | Lair:6   | Found a snail-covered altar of Cheibriados.
 29744 | Lair:6   | Identified the +1 helmet of the Slightly Bent {*Slow rPois
                  | rF- Str+8}
 29853 | Lair:6   | Received a gift from Sif Muna
 29867 | Lair:6   | Got Sif Muna's Improving Your Hermeneutics {god gift}
 29975 | Lair:6   | Gained mutation: When hurt, damage is shared between your
                  | health and your magic reserves. [demonic ancestry]
 29975 | Lair:6   | Reached XP level 15. HP: 86/100 MP: 33/33
 30166 | Lair:6   | Reached ****** piety under Sif Muna
 30369 | Spider:1 | Entered Level 1 of the Spider Nest
 31201 | Spider:2 | Reached skill level 15 in Spellcasting
 31414 | Spider:2 | Noticed Mlioglotl
 31416 | Spider:2 | Noticed a bone dragon
 31557 | Spider:2 | Received a gift from Sif Muna
 31558 | Spider:2 | Got Ginah's Papyrus of Summoning {god gift}
 31703 | Spider:2 | Learned a level 6 spell: Iron Shot
 31753 | Spider:2 | Killed Mlioglotl
 32188 | Spider:3 | Noticed an emperor scorpion
 32522 | Spider:3 | Noticed an emperor scorpion
 32529 | Spider:3 | Killed an emperor scorpion
 33121 | Spider:3 | Reached skill level 15 in Conjurations
 33271 | Spider:3 | Received a gift from Sif Muna
 33273 | Spider:3 | Got Sif Muna's Handbook of Earthen Necromancy {god gift}
 33369 | Spider:3 | Killed an emperor scorpion
 33919 | Spider:4 | Entered Level 4 of the Spider Nest
 34176 | Spider:4 | Noticed an emperor scorpion
 34759 | Spider:3 | Killed an emperor scorpion
 35108 | Spider:4 | Reached XP level 16. HP: 105/106 MP: 32/35
 35298 | Spider:4 | Reached skill level 5 in Fighting
 35718 | Spider:3 | HP: 2/109 [ghost moth (7)]
 35718 | Spider:3 | Slain by a ghost moth

Illustrated notes

Levels and vault maps discovered:
D:1:      roderic_crop_circles_arrival_small, layout_basic, dk_noncrumbling_4,
          minmay_small_reverse_x
D:2:      layout_loops_ring, basic_altar
D:3:      layout_basic, lemuel_doored_altar, amcnicky_altar_gilded,
          minmay_large_rounded_square
D:4:      layout_basic, gup_sewer_entry_glass, serial_co_window_serial,
          co_window_paths_a, co_window_corner_a, co_window_corner_a,
          co_window_corner_a, co_window_of_opportunity_a, co_window_paths_b,
          co_window_cross_1, co_window_paths_b, co_window_corner_a,
          co_window_unsneaky_path_e, co_window_2corner, co_window_2corner,
          glass_columns_a, glass_columns_a, glass_columns_c, glass_columns_b,
          glass_columns_c, minivault_23, saegor_snake_ambush, uniq_menkaure
D:5:      layout_cave_pools, lemuel_crystal_altar, nzn_wu_jian_contemplation,
          mainiacjoe_overflow_24_doors, minmay_temple_entry_slanted,
          uniq_sigmund
D:6:      layout_cave_pods, tso_oasis_becter, zin_purify,
          lemuel_mausoleum_altar_kikubaaqudgha, kennysheep_generic_room_15
D:7:      layout_basic, okawaru_ov_weapons_minmay, uniq_harold,
          uniq_crazy_yiuf_cottage
D:8:      nicolae_cairo_tiling, layout_cave_pools, moated_statue,
          lightli_corner_chamber, uniq_psyche
D:9:      layout_cave_pods, bloody_trog, evilmike_ruin_ashenzari,
          gammafunk_ghost_grave, minmay_alternating_orb
D:10:     layout_roguey, mainiacjoe_overflow_tiny_flanked,
          dancing_weapons_uskayaw, enter_bailey_8, hangedman_feature_mirror,
          hangedman_weighted_door, chequers_decorated_corner
D:11:     minmay_s_stair_smasher, layout_cave_pods, orc_0_dummy
D:12:     layout_irregular_city
D:13:     layout_roguey, hangedman_vaults_entry_quadrant_bands, hive_lemuel
Lair:1:   layout_gridlike, chequers_serial_rivers_large_a, beast_lair_carwin_11
Lair:2:   layout_gridlike, grunt_megastairs_3
Lair:3:   layout_regular_city, minmay_shoals_entry_centaurs
Lair:4:   statuecave_lemuel, layout_regular_city,
          nicolae_spider_entry_tight_spaces, enter_volcano_1,
          infiniplex_staircase_pool
Lair:5:   layout_gridlike, dpeg_slime_entry_corner
Lair:6:   minmay_lair_end_enchanted_forest, layout_gridlike, special_room
          [special_room_mythical_zoo], kennysheep_snail_temple
Spider:1: layout_spider_delve
Spider:2: layout_spider_delve, uniq_mlioglotl
Spider:3: layout_chambers
Spider:4: grunt_spider_rune_parallel, ebering_ghost_disaster_area,
          nicolae_spider_bug_shape
Orc:1:    layout_diamond_mine, nicolae_shop_clearance, uniq_urug, uniq_josephine
Orc:2:    grunt_orc_community_town_hall, layout_caves,
          grunt_orc_community_big_house_1, grunt_orc_community_big_house_2,
          grunt_orc_community_house_1, grunt_orc_community_house_1,
          grunt_orc_community_house_1, grunt_orc_community_house_3,
          grunt_orc_community_house_1

Skill      XL: |  1  2  3  4  5  6  7  8  9 10 11 12 13 14 15 16 |
---------------+-------------------------------------------------+-----
Air Magic      | 3 4 5 7 8 10 11 12 13 | 13.9
Conjurations   | 2 3 4 5 7 8 9 10 11 12 13 15 | 15.7
Stealth        | 2 |  2.0
Spellcasting   | 3 4 5 7 9 11 12 13 14 15 | 15.9
Dodging        | 2 3 4 |  4.5
Earth Magic    | 1 2 3 4 |  4.4
Fighting       | 1 2 4 5 |  5.0
Evocations     | 4 |  4.0
Fire Magic     | 1 3 |  3.5
Armour         | 2 3 |  3.7

Action                   |  1- 3 |  4- 6 |  7- 9 | 10-12 | 13-15 | 16-18 || total
-------------------------+-------+-------+-------+-------+-------+-------++-------
Melee: Unarmed           |     1 |       |       |       |       |       ||     1
       Dagger            |     1 |    14 |     2 |       |       |       ||    17
       Long sword        |       |       |    28 |       |       |       ||    28
       Falchion          |       |       |       |   148 |       |       ||   148
       Spear             |       |       |       |    31 |    19 |       ||    50
       Short sword       |       |       |       |       |    80 |       ||    80
       Staff             |       |       |       |       |    18 |       ||    18
       Scythe            |       |       |       |       |   264 |     3 ||   267
       Great sword       |       |       |       |       |     9 |       ||     9
 Cast: Shock             |    93 |   123 |   192 |   178 |   180 |    41 ||   807
       Airstrike         |       |       |    19 |   256 |   280 |     4 ||   559
       Mephitic Cloud    |       |       |       |    60 |    90 |     7 ||   157
       Stone Arrow       |       |       |       |    34 |   120 |     3 ||   157
       Sticky Flame      |       |       |       |     9 |   118 |     5 ||   132
       Lightning Bolt    |       |       |       |    25 |    36 |       ||    61
       Iskenderun's Batt |       |       |       |       |    57 |    10 ||    67
       Swiftness         |       |       |       |       |     1 |       ||     1
       Iron Shot         |       |       |       |       |    27 |     5 ||    32
Evoke: Wand              |       |       |     2 |       |     3 |     3 ||     8
  Use: Scroll            |       |       |       |    11 |    20 |       ||    31
       Potion            |       |       |       |       |     5 |       ||     5
 Stab: Paralysed         |       |       |    10 |    33 |    79 |     3 ||   125
       Confused          |       |       |       |    19 |    17 |       ||    36
       Distracted        |       |       |       |     1 |     2 |       ||     3
       Sleeping          |       |       |       |       |     1 |       ||     1
Armor: Robe              |     2 |     4 |    16 |    50 |       |       ||    72
       Troll leather arm |       |       |       |     1 |   176 |     2 ||   179
       Leather armour    |       |       |       |       |     4 |       ||     4
       Ring mail         |       |       |       |       |       |     9 ||     9
Dodge: Dodged            |    10 |    26 |    42 |   184 |   346 |    17 ||   625

Table legend: (Time is in decaauts)
 A = Elapsed time spent in this place.
 B = Non-inter-level travel time spent in this place.
 C = Inter-level travel time spent in this place.
 D = Time resting spent in this place.
 E = Time spent auto-exploring this place.
 F = Levels seen in this place.
 G = Mean time per level.
                   A        B        C        D        E       F      G
               +--------+--------+--------+--------+--------+-----+--------+
         Total |  36045 |  35260 |    785 |  10920 |  11700 |  28 | 1287.3 |
       Dungeon |  17770 |  17272 |    498 |   5853 |   5736 |  13 | 1366.9 |
          Lair |   7675 |   7513 |    162 |   1148 |   4142 |   6 | 1279.2 |
   Spider Nest |   5400 |   5338 |     62 |   1650 |   1583 |   4 | 1350.0 |
  Orcish Mines |   3469 |   3407 |     62 |   1576 |    208 |   2 | 1734.5 |
         Sewer |    280 |    280 |      0 |    164 |     30 |   1 |  280.0 |
        Bailey |    942 |    942 |      0 |    396 |      0 |   1 |  942.0 |
       Volcano |    507 |    507 |      0 |    132 |      0 |   1 |  507.0 |
               +--------+--------+--------+--------+--------+-----+--------+

Top non-repeatable levels by time:
Spider:3: 2819 daAuts
    D:11: 2180 daAuts
    D:10: 2115 daAuts
   Orc:2: 1880 daAuts
     D:6: 1878 daAuts
  Lair:6: 1779 daAuts
     D:4: 1767 daAuts
  Lair:4: 1624 daAuts
   Orc:1: 1588 daAuts
     D:3: 1455 daAuts
     D:9: 1428 daAuts
  Lair:5: 1388 daAuts
    D:12: 1264 daAuts
     D:8: 1188 daAuts
Spider:1: 1145 daAuts
